 Dungeon Crawl Stone Soup version 0.25-a0-1007-g10a8c3caa8 (webtiles) character file.

Game seed: 11500009043740436791, levelgen mode: deterministic

2305 kae the Frost Mage (level 9, 0/57 HPs)
             Began as a Merfolk Ice Elementalist on May 11, 2020.
             Was an Initiate of Okawaru.
             Slain by a hungry ghost (1 damage)
             ... on level 6 of the Dungeon.
             The game lasted 00:13:18 (11384 turns).

kae the Frost Mage (Merfolk Ice Elementalist)      Turns: 11384, Time: 00:13:18

Health: 0/57       AC:  4    Str: 10    XL:     9   Next: 41%
Magic:  19/19      EV: 15    Int: 16    God:    Okawaru [......]
Gold:   292        SH:  0    Dex: 14    Spells: 17/21 levels left

rFire    . . .     SeeInvis .   i - +2 scythe (freeze)
rCold    . . .     Gourm    .   (shield currently unavailable)
rNeg     . . .     Faith    .   B - +1 robe "Zietij" {rPois} (curse)
rPois    +         Spirit   .   v - +0 helmet
rElec    .         Reflect  .   (no cloak)
rCorr    .         Harm     .   (no gloves)
MR       .....                  (no boots)
Stlth    ++........             (no amulet)
HPRegen  0.19/turn              h - +2 ring of evasion
MPRegen  0.16/turn              (no ring)

@: fainting
A: change form in water, swift swim, stealthy swim
a: Renounce Religion


You were on level 6 of the Dungeon.
You worshipped Okawaru.
Okawaru was noncommittal.
You were fainting.

You visited 2 branches of the dungeon, and saw 8 of its levels.

You collected 292 gold pieces.

Inventory:

Hand Weapons
 b - a +4 hand axe
 d - a +0 trident
 i - a +2 scythe of freezing (weapon)
 l - a +0 spear
Armour
 a - a +0 robe
 v - a +0 helmet (worn)
 B - the cursed +1 robe "Zietij" (worn) {rPois}
   (You found it on level 6 of the Dungeon)

   It protects you from poison.
   It has a curse placed upon it.
Jewellery
 h - a +2 ring of evasion (left hand)
 n - an uncursed ring of magical power
 w - a cursed amulet of inaccuracy {unknown}
Wands
 A - a wand of flame (11)
Scrolls
 e - 3 scrolls of fog
 o - a scroll of fear
 s - a scroll of blinking
 t - a scroll of magic mapping
 u - 2 scrolls of teleportation
 y - a scroll of enchant weapon
 z - a scroll of remove curse
Potions
 f - 2 potions of curing
 g - a potion of berserk rage
 j - 2 potions of might
 k - a potion of stabbing
 m - a potion of lignification
 p - a potion of heal wounds
 q - 3 potions of flight
 r - a potion of haste {unknown}
Comestibles
 c - 2 rations


   Skills:
 - Level 2.6 Dodging
 - Level 2.1 Stealth
 + Level 6.8 Spellcasting
 * Level 11.6 Ice Magic


You had 17 spell levels left.
You knew the following spells:

 Your Spells              Type           Power        Failure   Level  Hunger
a - Freeze                Ice            ####         1%          1    None
b - Frozen Ramparts       Ice            #####.       1%          3    ##.....

Your spell library contained the following spells:

 Spells                   Type           Power        Failure   Level  Hunger
 Ozocubu's Armour         Chrm/Ice       ###.....     3%          3    ##.....
 Hailstorm                Conj/Ice       ###.....     12%         4    ####...
 Summon Ice Beast         Ice/Summ       ###.....     12%         4    ####...


Dungeon Overview and Level Annotations

Branches:
Dungeon (7/15)             Temple (1/1) D:6

Altars:
Ashenzari
Cheibriados
Dithmenos
Elyvilon
Fedhas
Gozag
Hepliaklqana
Kikubaaqudgha
Makhleb
Nemelex Xobeh
Okawaru
Qazlal
Ru
Sif Muna
Trog
Uskayaw
Vehumet
Wu Jian
Xom
Yredelemnul
Zin
The Shining One

Annotations:
D:3 1 runed translucent door, Crazy Yiuf


Message History

The hungry ghost hits you.
* * * LOW HITPOINT WARNING * * *
You feel slightly more hungry.
You barely miss the hungry ghost. The hungry ghost hits you.
* * * LOW HITPOINT WARNING * * *
You feel slightly more hungry. The hungry ghost completely misses you.
You barely miss the hungry ghost. The hungry ghost hits you.
* * * LOW HITPOINT WARNING * * *
You feel slightly more hungry. The hungry ghost hits you.
* * * LOW HITPOINT WARNING * * *
You feel slightly more hungry.
You closely miss the hungry ghost. The hungry ghost hits you.
You feel slightly more hungry. The hungry ghost closely misses you.
You barely miss the hungry ghost. The hungry ghost hits you.
* * * LOW HITPOINT WARNING * * *
You feel slightly more hungry. The hungry ghost hits you.
* * * LOW HITPOINT WARNING * * *
You feel slightly more hungry.
You miss the hungry ghost. The hungry ghost hits you.
You die...

......................>........>.
..........................###....
.........................##_##...
........##..............####.##..
........###.............#.#.#.#..
........###.............#..##.#..
###.##...##.............####.####
# #....#..#.#####.......###.##
###.............@W..######.####
.)...........#...#.....##.##..#
.........##..###.##.##.##.#.#.#
######.#..##..##.##.....##.####
######...>..#.....###....##.#
............................#####
########....#.###................
###.......####..#.........
###############.......##.........


You could see a hungry ghost.

Vanquished Creatures
  Sigmund (D:3)
  Menkaure (D:4)
  An ice beast (D:6)
  3 phantoms
  2 ogres
  2 centaurs (D:5)
  3 bullfrogs (D:6)
  A scorpion (D:4)
  A bullfrog zombie (D:6)
  A crimson imp (D:5)
  3 hounds
  A jelly (D:6)
  6 orc priests
  A bullfrog skeleton (D:4)
  3 iguanas
  5 orc wizards
  Terence (D:3)
  8 worker ants
  A hound skeleton (D:6)
  Robin (D:3)
  4 gnolls (D:2)
  9 adders
  2 oozes
  A worm (D:6)
  3 dart slugs
  4 leopard geckos
  25 orcs
  2 giant cockroaches
  17 goblins
  12 hobgoblins
  6 jackals
  3 quokkas
  A ball python (D:3)
  10 bats
  4 frilled lizards
  A jackal skeleton (D:4)
  7 kobolds
  A leopard gecko skeleton (D:6)
  5 rats
163 creatures vanquished.

Vanquished Creatures (others)
  A plant (D:3)
1 creature vanquished.

Grand Total: 164 creatures vanquished

Notes
Turn   | Place    | Note
-------+----------+-------------------------------------------
     0 | D:1      | kae the Merfolk Ice Elementalist began the quest for the
                  | Orb.
     0 | D:1      | Reached XP level 1. HP: 13/13 MP: 3/3
   186 | D:1      | Reached XP level 2. HP: 19/19 MP: 3/5
   569 | D:1      | Reached skill level 5 in Ice Magic
  1009 | D:1      | Reached XP level 3. HP: 24/24 MP: 3/6
  1520 | D:2      | Found a shattered altar of Ashenzari.
  1932 | D:2      | Reached XP level 4. HP: 16/30 MP: 3/8
  2420 | D:2      | Reached skill level 6 in Ice Magic
  2536 | D:2      | Reached XP level 5. HP: 28/35 MP: 4/9
  2965 | D:2      | Saw a vision of the Shoals and the Snake Pit.
  2965 | D:2      | Noticed a hippogriff
  2965 | D:2      | Noticed a merfolk
  2965 | D:2      | Noticed a merfolk
  2965 | D:2      | Noticed a merfolk siren
  2965 | D:2      | Noticed a black mamba
  2966 | D:2      | Noticed a sea snake
  2967 | D:2      | Noticed a naga warrior
  2967 | D:2      | Noticed a centaur
  3172 | D:3      | Noticed Terence
  3319 | D:3      | Killed Terence
  3319 | D:3      | Reached XP level 6. HP: 12/41 MP: 5/11
  3723 | D:3      | Noticed Robin
  3948 | D:3      | Reached skill level 7 in Ice Magic
  4688 | D:3      | Found a bloodstained altar of Trog.
  4689 | D:3      | Found a shimmering blue altar of Sif Muna.
  4702 | D:3      | Killed Robin
  4767 | D:3      | Found a stormy altar of Qazlal.
  4791 | D:3      | Noticed Sigmund
  4803 | D:3      | Killed Sigmund
  4803 | D:3      | Reached XP level 7. HP: 12/46 MP: 3/13
  5126 | D:3      | Found a runed translucent door.
  5127 | D:3      | Noticed Crazy Yiuf
  5364 | D:3      | Learned a level 3 spell: Frozen Ramparts
  5465 | D:4      | Reached skill level 8 in Ice Magic
  6106 | D:4      | Reached skill level 9 in Ice Magic
  6106 | D:4      | Reached XP level 8. HP: 33/52 MP: 15/15
  6757 | D:5      | Entered Level 5 of the Dungeon
  6761 | D:5      | Noticed Menkaure
  6764 | D:5      | Reached skill level 5 in Spellcasting
  7368 | D:4      | Killed Menkaure
  7755 | D:5      | Reached skill level 10 in Ice Magic
  9405 | D:4      | Reached XP level 9. HP: 32/57 MP: 11/18
  9786 | D:6      | Reached skill level 11 in Ice Magic
 10087 | D:6      | Found a white marble altar of Elyvilon.
 10591 | D:6      | Found a staircase to the Ecumenical Temple.
 10850 | D:6      | Got a transparent robe
 10861 | D:6      | Identified the cursed +1 robe "Zietij" {rPois} (You found
                  | it on level 6 of the Dungeon)
 10939 | Temple   | Entered the Ecumenical Temple
 11048 | Temple   | Became a worshipper of Warmaster Okawaru
 11383 | D:6      | HP: 1/57 [hungry ghost (2)]
 11384 | D:6      | Slain by a hungry ghost

Illustrated notes

Levels and vault maps discovered:
D:1:      lemuel_arrival_lava_pool, layout_loops_corners
D:2:      layout_loops_corners, first_ration, minmay_misc_feat_room,
          columned_hall_lemuel, moated_statue, grunt_ashenzari_visionary
          [grunt_ashenzari_visionary_shoals, grunt_ashenzari_visionary_snake]
D:3:      layout_loops_ring, gammafunk_temple_overflow_forgotten, uniq_robin,
          uniq_sigmund, uniq_terence, uniq_crazy_yiuf_cottage
D:4:      layout_basic
D:5:      layout_rooms, chequers_avenue, saegor_snake_ambush, uniq_menkaure
D:6:      layout_rooms, marbit_many_paths, minmay_temple_entry_nine_rooms
D:7:      layout_basic
Temple:   regret_index_temple_mists

Skill      XL: |  1  2  3  4  5  6  7  8  9 |
---------------+----------------------------+-----
Ice Magic      | 5 6 7 9 10 11 | 11.6
Spellcasting   | 3 4 6 |  6.8
Dodging        | |  2.6
Stealth        | |  2.1

Action                   |  1- 3 |  4- 6 |  7- 9 || total
-------------------------+-------+-------+-------++-------
Melee: Unarmed           |     6 |       |       ||     6
       Hand axe          |    26 |    24 |       ||    50
       Scythe            |       |       |   208 ||   208
 Cast: Freeze            |    41 |    84 |   101 ||   226
       Frozen Ramparts   |       |       |     2 ||     2
  Use: Scroll            |       |     8 |     7 ||    15
       Potion            |       |     1 |     3 ||     4
 Stab: Sleeping          |     2 |       |     5 ||     7
  Eat: Chunk             |     3 |     6 |     4 ||    13
       Ration            |       |     1 |     6 ||     7
Armor: Robe              |    10 |     7 |    36 ||    53
Dodge: Dodged            |    45 |    86 |   247 ||   378

Table legend:
 A = Non-vault XP
 B = Vault XP
 C = Vault XP percentage of total XP
 D = Non-vault monster count
 E = Vault monster count
 F = Vault count percentage of total count
                 A         B        C        D         E       F
            +---------+---------+-------+---------+---------+-------
      Total |    2694 |     600 |  18.2 |     147 |      16 |   9.8
            +---------+---------+-------+---------+---------+-------
        D:1 |      40 |       0 |   0.0 |      22 |       0 |   0.0
        D:2 |     140 |       0 |   0.0 |      29 |       0 |   0.0
        D:3 |     221 |     291 |  56.8 |      30 |      13 |  30.2
        D:4 |     784 |     172 |  18.0 |      29 |       1 |   3.3
        D:5 |     712 |      13 |   1.8 |      15 |       1 |   6.2
        D:6 |     589 |     124 |  17.4 |      13 |       1 |   7.1
        D:7 |     208 |       0 |   0.0 |       9 |       0 |   0.0
            +---------+---------+-------+---------+---------+-------
